 Dungeon Crawl Stone Soup version 0.18-a0-29-gce27f3c (webtiles) character file.

125 tp1 the Magician (level 4, -1/24 HPs)
             Began as a Deep Elf Conjurer on Nov 4, 2015.
             Slain by Hanyuu's ghost (6 damage)
             ... on level 4 of the Dungeon.
             The game lasted 00:11:32 (3768 turns).

tp1 the Magician (Deep Elf Conjurer)                Turns: 3768, Time: 00:11:32

Health: -1/24      AC:  3    Str:  5    XL:     4   Next: 82%
Magic:  4/13       EV: 13    Int: 21    God:
Gold:   162        SH:  0    Dex: 15    Spells: 3 memorised, 7 levels left

rFire  . . .     SeeInvis .     t - +3 rapier
rCold  . . .     Clarity  .     a - +0 robe
rNeg   . . .     SustAt   .     (no shield)
rPois  .         Gourm    .     (no helmet)
rElec  .         Spirit   .     w - +0 cloak
rCorr  .         Warding  .     (no gloves)
rMut   .         Stasis   .     (no boots)
MR     .....                    (no amulet)
Stlth  ++........               (no ring)
                                (no ring)

@: not resistant to hostile enchantments, unstealthy
A: no striking features
a: no special abilities


You were on level 4 of the Dungeon.
You were not hungry.

You visited 1 branch of the dungeon, and saw 4 of its levels.

You collected 162 gold pieces.

Inventory:

Hand Weapons
 k - a +0 dagger of venom
 m - a +1 dagger of electrocution
 t - a +3 rapier (weapon)
Armour
 a - a +0 robe (worn)
 w - a +0 cloak (worn)
Jewellery
 o - an uncursed ring of wizardry {unknown}
 u - an uncursed ring of protection from cold {unknown}
Scrolls
 d - 2 scrolls of fear
 e - 4 scrolls of magic mapping
 h - a scroll of remove curse
 i - 2 scrolls of enchant armour {unknown}
 l - a scroll of blinking {unknown}
 n - a scroll of identify {unknown}
 s - a scroll of fog {unknown}
 v - a scroll of noise {unknown}
Potions
 f - a potion of ambrosia {unknown}
 g - 2 potions of curing {unknown}
 q - a potion of brilliance {unknown}
 r - 2 potions of poison {unknown}
Books
 b - a book of Conjurations

   Spells                             Type                      Level
   a - Magic Dart                     Conjuration                  1
   b - Searing Ray                    Conjuration                  2
   c - Dazzling Spray                 Conjuration/Hexes            3
   d - Fulminant Prism                Conjuration/Hexes            4
   e - Iskenderun's Mystic Blast      Conjuration                  4
   f - Iskenderun's Battlesphere      Conjuration/Charms           5
Miscellaneous
 p - a plain deck of summoning
Comestibles
 c - 3 bread rations
 j - 2 meat rations


   Skills:
 - Level 2.0 Short Blades
 - Level 2.4 Dodging
 - Level 2.4 Stealth
 - Level 5.1 Spellcasting
 - Level 5.0 Conjurations
 + Level 0.7 Evocations


You had 7 spell levels left.
You knew the following spells:

 Your Spells              Type           Power        Failure   Level  Hunger
a - Magic Dart            Conj           ####         1%          1    None
b - Searing Ray           Conj           ####..       1%          2    None
c - Dazzling Spray        Conj/Hex       ###.....     14%         3    ##.....


Dungeon Overview and Level Annotations

Branches:
Dungeon (4/15)
 Temple: D:4-7

Altars:
Ashenzari
Nemelex Xobeh
Okawaru
Qazlal
Trog
The Shining One

Annotations:
D:4 Hanyuu's ghost, novice OpTm


Message History

Hanyuu's ghost is heavily damaged.
Hanyuu's ghost hits you.
Casting: Searing Ray
Confirm with . or Enter, or press ? or * to list all spells.
Aiming: Searing Ray
Press: ? - help, Shift-Dir - straight line, f/p - Hanyuu's ghost
Aim: Hanyuu's ghost (heavily damaged)
The searing ray hits Hanyuu's ghost.
Hanyuu's ghost is heavily damaged.
Hanyuu's ghost hits you but does no damage.
The searing ray misses Hanyuu's ghost.
Hanyuu's ghost hits you!
The searing ray hits Hanyuu's ghost.
Hanyuu's ghost is severely damaged.
Hanyuu's ghost barely misses you.
The searing ray misses Hanyuu's ghost.
Hanyuu's ghost keens inconsolably.
Hanyuu's ghost hits you!
* * * LOW HITPOINT WARNING * * *
Hanyuu's ghost hits you.
You die...

######....# #..#............#.
#..#.#....###.#..............####
...........#...............#...#.
..#...####.........#..# #....[...
..#<..####.........#<.###........
#..<.###..##.............#....#..
#......##..#............#.......#
##....####............#...##....#
##....###.....#@W....#..<#.##..#
##....................#....†...
###..........(.###....#...#...#
#....#.....#.>.............###.
##..####....##..##.......##.##.#
##..## #.....#...###.....##...###
...## ##..#....#((###....###.#.
..## #.....#.###'###...........
.## #.#.##..##≈(≈.#...#####. ..


You could see Hanyuu's ghost.

Vanquished Creatures
  3 gnolls (D:4)
  3 adders
  2 giant geckos
  An orc (D:4)
  10 bats
  6 giant cockroaches
  9 hobgoblins
  4 jackals (D:4)
  A quokka (D:3)
  2 giant newts
  9 goblins
  10 kobolds
  4 rats
64 creatures vanquished.

Notes
Turn   | Place    | Note
--------------------------------------------------------------
     0 | D:1      | tp1 the Deep Elf Conjurer began the quest for the Orb.
     0 | D:1      | Reached XP level 1. HP: 10/10 MP: 6/6
   217 | D:1      | Reached XP level 2. HP: 15/15 MP: 6/8
  1759 | D:2      | Reached XP level 3. HP: 19/19 MP: 9/11
  1800 | D:2      | Reached skill level 5 in Spellcasting
  1870 | D:2      | Found a shattered altar of Ashenzari.
  1874 | D:2      | Saw a vision of the Shoals and the Snake Pit.
  1874 | D:2      | Noticed a naga
  1874 | D:2      | Noticed a naga
  1874 | D:2      | Noticed a shock serpent
  1874 | D:2      | Noticed a merfolk
  1874 | D:2      | Noticed a hippogriff
  1874 | D:2      | Noticed a black mamba
  1874 | D:2      | Noticed a black mamba
  1874 | D:2      | Noticed a sea snake
  1874 | D:2      | Noticed an anaconda
  1874 | D:2      | Noticed a naga warrior
  1874 | D:2      | Noticed a siren
  1874 | D:2      | Noticed a centaur
  1874 | D:2      | Noticed a sea snake
  1875 | D:2      | Noticed a shock serpent
  1875 | D:2      | Noticed a black mamba
  1876 | D:2      | Noticed an anaconda
  1877 | D:2      | Noticed a black mamba
  1906 | D:2      | Found a sparkling altar of Nemelex Xobeh.
  2027 | D:2      | Learned a level 2 spell: Searing Ray
  2031 | D:2      | Learned a level 3 spell: Dazzling Spray
  2288 | D:3      | Found a stormy altar of Qazlal.
  2404 | D:3      | Found a bloodstained altar of Trog.
  2407 | D:3      | Reached skill level 5 in Conjurations
  2407 | D:3      | Reached XP level 4. HP: 20/24 MP: 5/13
  2551 | D:3      | Found a glowing golden altar of the Shining One.
  3007 | D:4      | Reached skill level 1 in Short Blades
  3013 | D:4      | Found an iron altar of Okawaru.
  3168 | D:4      | Noticed Hanyuu's ghost (novice OpTm)
  3252 | D:3      | Found a bloodstained altar of Trog.
  3333 | D:3      | Found a glowing golden altar of the Shining One.
  3418 | D:3      | Found a stormy altar of Qazlal.
  3768 | D:4      | Slain by Hanyuu's ghost

Vault maps used:
D:1:      grunt_arrival_lava_bath, roderic_serpentine_path
D:2:      nemelex_deck, grunt_ashenzari_visionary
D:3:      nicolae_overflow_hidden_temple, lemuel_crystal_altar,
          nicolae_qazlal_eye_of_the_storm
D:4:      okawaru_altar_gauntlet_db, first_bread

Action                   |  1- 3 |  4- 6 || total
-------------------------+-------+-------++-------
Melee: Dagger            |     3 |       ||     3
       Rapier            |     3 |     9 ||    12
 Cast: Magic Dart        |    79 |    27 ||   106
       Dazzling Spray    |     1 |     2 ||     3
       Searing Ray       |       |     2 ||     2
  Use: Scroll            |     6 |       ||     6
 Stab: Invisible         |       |     1 ||     1
  Eat: Beef jerky        |     1 |       ||     1
       Chunk             |     3 |     4 ||     7
